[Event "Khanty-Mansiysk FIDE GP (Women)"]
[Site "Khanty-Mansiysk"]
[Date "2014.04.16"]
[Round "7"]
[White "Kosintseva, Tatiana"]
[Black "Stefanova, Antoaneta"]
[Result "1/2-1/2"]
[ECO "C60"]
[WhiteElo "2496"]
[BlackElo "2489"]
[Annotator "ChessBase Website"]
[PlyCount "71"]
[EventDate "2014.04.09"]
[EventType "tourn"]
[EventRounds "11"]
[EventCountry "RUS"]
[EventCategory "10"]
[SourceTitle "CBM 160"]
[Source "ChessBase"]
[SourceDate "2014.05.15"]
[SourceVersion "1"]
[SourceVersionDate "2014.05.15"]
[SourceQuality "1"]
[TimeControl "40/5400+30:1800+30"]
[WhiteClock "1:30:00"]
[BlackClock "1:30:00"]

1. e4 e5 2. Nf3 Nc6 3. Bb5 g6 4. d4 exd4 5. Bg5 Be7 6. Bxe7 Qxe7 7. Bxc6 dxc6 8. Qxd4 Nf6 9. Nc3 Bg4 10. O-O-O (10. Nd2 c5 11. Qe3 O-O-O 12.
h3 Bd7 13. O-O-O Bc6 14. Rhe1 Rhe8 15. f3 b6 16. Qg5 Nh5 17. Qxe7 Rxe7 18. Nc4
Rxd1+ 19. Kxd1 Nf4 20. Ne3 f5 21. exf5 gxf5 22. Ne2 Rd7+ 23. Kc1 Nxe2+ 24. Rxe2
f4 25. Ng4 Bb5 26. Re4 Bf1 27. Rxf4 Bxg2 28. h4 Rd4 29. Rf8+ Rd8 30. Rf7 Rd7
31. Rf8+ Rd8 32. Rxd8+ Kxd8 33. f4 Ke7 34. Kd2 Be4 35. c3 Ke6 36. Ne3 a5 37. a3
b5 38. Ke2 h5 39. Kd2 a4 {Ismagambetov,A (2493)-Stevic,H (2607) Dubai 2014 1/
2-1/2}) 10... Bxf3 11. gxf3 O-O 12. Qe3 Rfd8 $146 (12... Rfe8 13. f4
Rad8 14. f5 a5 15. Rxd8 Qxd8 16. f4 b5 17. Rd1 Qc8 18. Qd4 Nh5 19. fxg6 hxg6
20. f5 b4 21. Na4 Nf4 22. Kb1 Qa6 23. Nc5 Qe2 24. Nd7 Nh5 25. e5 gxf5 26. Rg1+
Kh7 27. Qh4 {1-0 (27) Gopal,G (2604)-Sokolov,I (2654) Sarajevo 2010}) 13. Rxd8+ Rxd8 14. f4 b6 15. f5 Re8 16. fxg6 hxg6 17. f4 Qe6 18. e5 Nd5 19. Qf3 Nxc3 20. Qxc3 Qxa2 21. b3 {[%emt 0:00:49]
[%csl Ra2] An unusual Spanish variation lead to an unusual game. In the major
piece endgame White tried to trap Black's queen out of activity by sacrificing
a pawn, but Stefanova gave it back to force a drawn rook endgame.} b5 22. Re1 a5 23. f5 b4 24. Qd3 Qa1+ 25. Kd2 Qc3+ 26. Qxc3 bxc3+ 27. Kxc3 gxf5 28. Kd4 Kg7 29. Rf1 Kg6 30. Rg1+ Kh6 31. Rf1 Kg5 32. Rg1+ Kf4 33. Rf1+ Kg5 34. Rg1+ Kf4 35. Rf1+ Kg5 36. Rg1+ 1/2-1/2